Unix NetHack Version 3.7.0-53 Work-in-progress - last build Apr 18 2022 03:42:42 (02b85442fffe0e2954e411e09df771b56fe27bbc,branch:master). Game began 2022-05-08 00:30:24, ended 2022-05-08 00:50:49. ClaireVoyance, lawful female dwarven Valkyrie --------------------------------- |...............................| |...------......---------------.. |...|.(((|......|.(((| |*?%.|.| |...-.(((|......-.(+(| |?((.a@| |...|.(((|......|.(((| |).*.|.| |...|---------..--------+------.| |...|%%%|....|....{.............| ....|%%%|._..|.......----|-----.| |...|(%%|....|.......| |.. |.| |...|...|....|{......| |..| |.| # |...---|--|---.......-+------+-.| #------ |...............................|# #|....| |...----|---+-.......-----+----.|# ###-.<..| |...-..|.. |.......- |.|# ### |....| |...|..|..| |.......| +.-##### ------ ----------- --------- ---# ## ClaireVoyance the Skirmisher St:18/02 Dx:16 Co:18 In:7 Wi:8 Ch:7 Lawful Dlvl:6 $:28 HP:0(40) Pw:4(4) AC:5 Xp:4/156 T:2513 Latest messages: You hear some noises in the distance. You see here a lock pick (for sale, 30 zorkmids). You see here a large box (for sale, 12 zorkmids). You see here a blindfold (for sale, 30 zorkmids). You see here a stethoscope (for sale, 113 zorkmids). You hear someone cursing shoplifters. You see here a whistle (for sale, 15 zorkmids). You see here a stethoscope (for sale, 113 zorkmids). You see here a leash (for sale, 30 zorkmids). You see here a blindfold (for sale, 30 zorkmids). You see here a whistle (for sale, 20 zorkmids). You see here a large box (for sale, 12 zorkmids). You see here a magic marker (for sale, 75 zorkmids). You see here a large box (for sale, 12 zorkmids). You see here a whistle (for sale, 20 zorkmids). The door opens. "Velkommen, ClaireVoyance! Welcome to Izchak's lighting store!" You see here a candle (for sale, 30 zorkmids). You see here a candle (for sale, 15 zorkmids). You see here a candle (for sale, 30 zorkmids). You see here 4 candles (for sale, 80 zorkmids). You see here a candle (for sale, 30 zorkmids). You hear a door open. You see here 6 candles (for sale, 180 zorkmids). You see here a candle (for sale, 15 zorkmids). You see here a candle (for sale, 20 zorkmids). You stop. Izchak is in the way! The door opens. This door is locked. Kick it? [ynq] (q) The door resists! The door resists! The door opens. "Velkommen, ClaireVoyance! Welcome to Tuktoyaktuk's general store!" The killer bee stings! The killer bee's sting was poisoned! You miss the killer bee. The killer bee stings! You miss the killer bee. The killer bee misses! The killer bee stings! The killer bee's sting was poisoned! You miss the killer bee. The killer bee stings! The killer bee stings! The killer bee's sting was poisoned! Valkyrie, your life force is running out. The killer bee stings! The killer bee's sting was poisoned! You die... Major events: Turn 1: ClaireVoyance the lawful dwarven Valkyrie entered the dungeon 601: attained the rank of Skirmisher (level 3) 1303: entered the Gnomish Mines 2328: reached Mine Town 2513: killed by a killer bee Inventory: Coins ('$') $ - 28 gold pieces Weapons (')') b - an uncursed +0 dagger (alternate weapon; not wielded) i - an uncursed +0 orcish dagger a - an uncursed +1 long sword (weapon in hand) Armor ('[') h - an uncursed +0 orcish helm (being worn) O - an uncursed +0 pair of speed boots c - an uncursed +3 small shield (being worn) Comestibles ('%') d - 2 uncursed food rations E - a cursed rotten tin of gnome meat q - 4 uncursed eggs k - an uncursed lichen corpse A - an uncursed lichen corpse Scrolls ('?') I - a blessed scroll of blank paper H - 3 uncursed scrolls of blank paper y - an uncursed scroll of destroy armor m - an uncursed scroll of enchant weapon B - an uncursed scroll of identify e - a cursed scroll of identify z - an uncursed scroll of light v - an uncursed scroll of taming l - a cursed scroll of teleportation Spellbooks ('+') D - an uncursed spellbook of fireball Potions ('!') r - an uncursed potion of blindness s - a cursed potion of blindness G - an uncursed potion of extra healing f - an uncursed potion of restore ability p - an uncursed potion of sleeping Rings ('=') o - a cursed ring of aggravate monster M - an uncursed ring of regeneration Tools ('(') J - an uncursed expensive camera (0:65) n - an uncursed oil lamp (lit) K - an uncursed tin opener F - an uncursed tin whistle Gems/Stones ('*') w - an uncursed worthless piece of red glass L - an uncursed worthless piece of white glass N - an uncursed flint stone ClaireVoyance the Valkyrie's attributes: Background: You were a Skirmisher, a level 4 dwarven Valkyrie. You were lawful, on a mission for Tyr who was opposed by Odin (neutral) and Loki (chaotic). You were in the Gnomish Mines, on level 6. You entered the dungeon 2513 turns ago. It was the midnight hour. You had 156 experience points, 4 more were needed to attain level 5. Basics: You had 0 out of 40 hit points. You had all 4 energy points (spell power). Your armor class was 5. Your wallet contained 28 zorkmids. Autopickup was on for '$?!"=/*', with exceptions. Final Characteristics: Your strength was 18/02 (limit:18/100). Your dexterity was 16 (limit:20). Your constitution was 18 (limit:20). Your intelligence was 7 (limit:16). Your wisdom was 8 (limit:16). Your charisma was 7 (limit:16). Final Status: You were not hungry. You were unencumbered. You were wielding a long sword. You had basic skill with long sword. Final Attributes: You were piously aligned. You were cold resistant. You were telepathic. You had infravision. You were stealthy. You are dead. Miscellaneous: You disabled loading of bones levels. Total elapsed playing time was 20 minutes and 24 seconds. Vanquished creatures: 2 gnome leaders 2 gnomish wizards a paper golem a kitten a kobold shaman a centipede an iguana 2 acid blobs 2 coyotes 3 hobbits a large kobold a hobgoblin a cave spider a brown mold a green mold a red mold 12 gnomes a gecko 5 jackals 8 goblins a sewer rat 2 grid bugs a bat 4 lichens 2 newts 58 creatures vanquished. No species were genocided or became extinct. Voluntary challenges: You read items or engraved 1 time. You never engraved Elbereth. You never genocided any monsters. You never polymorphed an object. You never changed form. You used no wishes. Achievements: You attained the rank of Skirmisher. You entered a shop. You entered the Gnomish Mines. You entered Minetown. You entered a temple. The Dungeons of Doom: levels 1 to 4 Level 1: A sink. Level 2: "vault" A general store. Level 3: Stairs down to The Gnomish Mines. Level 4: A grave. The Gnomish Mines: levels 4 to 6 Level 4: Level 5: Level 6: <- You were here. Many shops, a temple, some fountains. Final resting place for you, killed by a killer bee. Game over: ---------- / \ / REST \ / IN \ / PEACE \ / \ | ClaireVoyance | | 28 Au | | killed by a | | killer bee | | | | | | 2022 | *| * * * | * _________)/\\_//(\/(/\)/\//\/|_)_______ Farvel ClaireVoyance the Valkyrie... You died in The Gnomish Mines on dungeon level 6 with 900 points, and 28 pieces of gold, after 2513 moves. You were level 4 with a maximum of 40 hit points when you died.